 Dungeon Sprint DCSS version bcrawl-1.19.1 (webtiles) character file.

Game seed: 16444847593464079661

15537 Freyura the Messiah (level 12, -18/118 HPs)
             Began as a Hill Orc Fighter on Nov 29, 2019.
             Was the Champion of Beogh.
             Killed from afar by a lich (50 damage)
             ... with a bolt of fire
             ... in the Dungeon (Sprint V: "Ziggurat Sprint").
             The game lasted 00:11:20 (847 turns).

Freyura the Messiah (Hill Orc Fighter)               Turns: 847, Time: 00:11:21

Health: -18/118    AC: 30    Str: 23    XL:     12   Next: 28%
Magic:  22/22      EV: 10    Int:  8    God:    Beogh [******]
Gold:   0          SH: 33    Dex: 26    Spells: 11/11 levels left

rFire    . . .     SeeInvis +   K - +14 obsidian axe {chop, +Fly SInv *Curse} (curse)
rCold    . . .     Gourm    .   J - +18 shield of the Gong {rElec rN+ MR+ EV-5}
rNeg     + . .     Faith    .   I - +15 Maxwell's patent armour {-Cast -Tele rElec MR+ rCorr}
rPois    .         Spirit   .   (no helmet)
rElec    +         Reflect  .   (no cloak)
rCorr    +         Harm     .   X - +0 pair of gloves "Rymav" {Str+3}
MR       ++...     NoTele   +   (no boots) Stlth ..........NoCast +
                                (no amulet)
HPRegen  0.29/turn              y - +6 ring of dexterity
MPRegen  0.18/turn              z - +6 ring of dexterity

@: corroded, mesmerised
A: walk on water
a: Smiting, Recall Orcish Followers, Give Item to Named Follower, Resurrection,
Renounce Religion, Evoke Flight


You were in the Dungeon.
You worshipped Beogh.
Beogh was exalted by your worship.
You were not hungry.

You visited 1 branch

Inventory:

Hand Weapons
 F - the +6 Majin-Bo {vamp, *Drain Str+12 Int+24}
   (You found it in the Dungeon)

   It inflicts no extra harm, but heals its wielder when it wounds a living foe.
   It affects your strength (+12).
   It affects your intelligence (+24).
   It causes draining when unequipped.
 G - the +9 heavy crossbow "Sniper" {velocity, Acc+∞ SInv}
   (You found it in the Dungeon)

   Any bolt fired from it inflicts extra damage.
   It lets you see invisible.
 H - the +10 dark maul {crush}
   (You found it in the Dungeon)

   It inflicts extra damage upon your enemies.
 K - the cursed +14 obsidian axe (weapon) {chop, +Fly SInv *Curse}
   (You found it in the Dungeon)

   It inflicts extra damage upon your enemies.
   It lets you see invisible.
   It lets you fly.
   It curses itself when equipped.
   It has a curse placed upon it.
 L - the +7 great mace "Firestarter" {inner flame, rF++}
   (You found it in the Dungeon)

   It has been specially enchanted to burn those struck by it, causing extra
   injury to most foes and up to half again as much damage against particularly
   susceptible opponents.
   It greatly protects you from fire.
 M - the +6 shillelagh "Devastator" {shatter}
   (You found it in the Dungeon)
 N - the +11 plutonium sword {*Contam Stlth-}
   (You found it in the Dungeon)

   It causes magical contamination when unequipped.
   It makes you less stealthy.
 O - the +8 lance "Wyrmbane" {slay drac, rPois rF+ rC+ AC+3}
   (You found it in the Dungeon)

   It affects your AC (+3).
   It protects you from fire.
   It protects you from cold.
   It protects you from poison.
 P - the +9 sword of Zonguldrok {reap}
   (You found it in the Dungeon)

   If a monster killed with it leaves a corpse in good enough shape, the corpse
   will be animated as a zombie friendly to the killer.
 Q - the cursed +13 scythe of Curses {drain, *Curse}
   (You found it in the Dungeon)

   A truly terrible weapon, it drains the life of those it strikes.
   It curses itself when equipped.
   It has a curse placed upon it.
 R - the +0 sword of Power
   (You found it in the Dungeon)
 S - the +7 mace of Variability {chain chaos}
   (You found it in the Dungeon)

   Each time it hits an enemy it has a different, random effect.
 T - the +7 Singing Sword {slice}
   (You found it in the Dungeon)

   It inflicts extra damage upon your enemies.
 U - the +7 longbow "Piercer" {penet, EV-2}
   (You found it in the Dungeon)

   Ammo fired by it will pass through the targets it hits, potentially hitting
   all targets in its path until it reaches maximum range.
   It affects your evasion (-2).
 Y - the +7 shortbow "Uvias" {flame, rPois rF+ Str-3 Int+4}
   (You took it off a centaur in the Dungeon)

   It causes projectiles fired from it to burn those they strike, causing extra
   injury to most foes and up to half again as much damage against particularly
   susceptible opponents.
   It affects your strength (-3).
   It affects your intelligence (+4).
   It protects you from fire.
   It protects you from poison.
 Z - the +7 sceptre of Torment {pain, torment}
   (You found it in the Dungeon)

   In the hands of one skilled in necromantic magic, it inflicts extra damage on
   living creatures.
Missiles
 C - a throwing net (quivered) {!f}
Armour
 I - the +15 Maxwell's patent armour (worn) {-Cast -Tele rElec MR+ rCorr}
   (You found it in the Dungeon)

   It insulates you from electricity.
   It affects your resistance to hostile enchantments.
   It prevents spellcasting.
   It prevents most forms of teleportation.
   It provides partial protection from all sources of acid and corrosion.
 J - the +18 shield of the Gong (worn) {rElec rN+ MR+ EV-5}
   (You found it in the Dungeon)

   It affects your evasion (-5).
   It insulates you from electricity.
   It protects you from negative energy.
   It affects your resistance to hostile enchantments.
 X - the +0 pair of gloves "Rymav" (worn) {Str+3}
   (You found it in the Dungeon)

   It affects your strength (+3).
Jewellery
 b - an uncursed ring of protection from cold
 y - a +6 ring of dexterity (left hand)
 z - a +6 ring of dexterity (right hand)
 A - the ring of Lilacs {rF++ Str+3}
   (You found it in the Dungeon)

   [ring of strength]

   It affects your strength (+3).
   It greatly protects you from fire.
 V - the ring "Luehunus" {MR+ Int+4}
   (You found it in the Dungeon)

   [ring of protection from magic]

   It affects your intelligence (+4).
   It affects your resistance to hostile enchantments.
Wands
 v - a wand of disintegration (7)
 w - a wand of iceblast (7)
 x - a wand of acid (7)
Scrolls
 a - a scroll of brand weapon
 k - 4 scrolls of blinking
 q - 4 scrolls of amnesia
 r - 7 scrolls of fog
 s - 5 scrolls of identify
 t - 5 scrolls of remove curse
 u - 2 scrolls of fear
Potions
 d - 6 potions of might
 e - 10 potions of curing
 g - 10 potions of heal wounds
 h - 6 potions of haste
 i - 7 potions of magic
 j - 3 potions of berserk rage
 l - 2 potions of brilliance
 m - 2 potions of invisibility
 n - 4 potions of resistance
 p - 5 potions of agility
Miscellaneous
 c - a lamp of fire
 E - a lightning rod (4/4)
Comestibles
 f - 8 rations {!d}


   Skills:
 * Level 14.5 Fighting
   Level 14.5 Short Blades
   Level 14.5 Long Blades
   Level 14.5 Axes
   Level 14.5 Maces & Flails
   Level 14.5 Polearms
   Level 14.5 Staves
 + Level 13.4 Armour
 + Level 10.4 Dodging
 + Level 13.3 Shields
   Level 14.5 Unarmed Combat
 + Level 14.5 Invocations
 + Level 10.3 Evocations


You had 11 spell levels left.
You didn't know any spells.
Your spell library contained the following spells:

 Spells                   Type           Power        Failure   Level  Hunger
 Flame Tongue             Conj/Fire      #....        99%         1    ##.....
 Freeze                   Ice            #.....       99%         1    ##.....
 Summon Butterflies       Summ           #.......     99%         1    ##.....
 Flaming Arrows           Chrm/Fire      #.......     100%        2    ###....
 Throw Frost              Conj/Ice       #.....       100%        2    ###....
 Conjure Flame            Conj/Fire      #.......     100%        3    ####...
 False Image              Hex/Summ       #.......     100%        3    ####...
 Inner Flame              Hex/Fire       N/A          100%        3    ####...
 Ozocubu's Armour         Chrm/Ice       #.......     100%        3    ####...
 Portal Projectile        Tloc           #.....       100%        3    ####...
 Spider Form              Tmut/Pois      #..          100%        3    ####...
 Teleport Other           Tloc           #.......     100%        3    ####...
 Force Lance              Tloc           #.......     100%        4    #####..
 Fulminant Prism          Conj/Hex       #.........   100%        4    #####..
 Olgreb's Toxic Radiance  Pois           #.......     100%        4    #####..
 Summon Forest            Summ/Tloc      #.........   100%        5    ######.
 Ozocubu's Refrigeration  Ice            #.........   100%        6    #######
 Simulacrum               Ice/Necr       #.........   100%        6    #######


Dungeon Overview and Level Annotations

Branches:
Dungeon (1/1)

Altars:
Ashenzari
Cheibriados
Dithmenos
Elyvilon
Fedhas
Gozag
Hepliaklqana
Kikubaaqudgha
Lugonu
Makhleb
Nemelex Xobeh
Okawaru
Qazlal
Ru
Sif Muna
Trog
Uskayaw
Vehumet
Wu Jian
Xom
Yredelemnul
Zin
The Shining One
Beogh
Jiyva


Message History

You slice the lich!!
The lich is heavily damaged.
You slash the vampire mage! You open a gate to Pandemonium!
A demon appears!
You are no longer entranced.
You destroy the vampire mage!
Beogh accepts your kill.
The shadow wraith disappears in a puff of smoke!
The necrophage disappears in a puff of smoke!
The shadow wraith disappears in a puff of smoke!
The hungry ghost disappears in a puff of smoke!
You hit the skeletal warrior but do no damage.
Visions of slaying the lich flood into your mind.
The lich points at you and mumbles some strange words.
The bolt of fire hits you!
* * * LOW HITPOINT WARNING * * *
You block the skeletal warrior's attack.
GONNNNG!
The lich gestures at you while chanting.
The bolt of fire hits you!
You die...

▓...8©8...▓.
▓..}[}!:=.▓..):|||..▓.
▓..)}:[:..▓..=:=.)..▓.
▓.........▓.........▓.
▓......)..▓.........▓.
▓.........▓....†....▓.
▓...3§.§..▓..††††...▓.
▓...z44§..▓.....†...▓.
▓.▓..@L.▓.▓.........▓.
▓....©§...▓....©....▓▓
▓▓▓▓▓▓▓▓▓▓▓▓▓▓▓▓▓▓▓▓▓


You could see a lich, a skeletal warrior, a friendly sun demon, a friendly ice
devil and a friendly red devil.

Vanquished Creatures
  A black draconian (D)
  2 dancing weapons (D)
  A vampire mage (D)
  A deep elf knight (D)
  A deep elf archer (D)
  A deep troll (shapeshifter) (D)
  A necromancer (D)
  A deep elf mage (D)
  An ugly thing (D)
  7 draconians (D)
  A polar bear (D)
  A merfolk (shapeshifter) (D)
  A meliai (shapeshifter) (D)
  2 slime creatures (D)
  6 merfolk (D)
  3 hippogriffs (D)
  A hippogriff (shapeshifter) (D)
  A spriggan (D)
  3 shadows (D)
  A redback (D)
  2 tarantellas (D)
  A neqoxec (D)
  A necrophage (D)
  2 centaurs (D)
  A wolf (D)
  2 scorpions (D)
  2 wights (D)
  A jelly (D)
  2 orc priests (D)
  A white imp (D)
  3 oozes (D)
  2 orcs (D)
  A quokka simulacrum (D)
58 creatures vanquished.

Vanquished Creatures (collateral kills)
  An emperor scorpion (shapeshifter) (D)
  A very ugly thing (D)
  A black draconian (D)
  A glowing orange brain (shapeshifter) (D)
  A necromancer (D)
  A wolf spider (D)
  A slime creature (D)
  A guardian serpent (shapeshifter) (D)
  A jumping spider (D)
  A merfolk (D)
  A hippogriff (D)
  A centaur (D)
  2 oozes (D)
14 creatures vanquished.

Grand Total: 72 creatures vanquished

Notes
Turn   | Place    | Note
-------+----------+-------------------------------------------
     0 | D        | Freyura the Hill Orc Fighter began the quest for the Orb.
     0 | D        | Reached XP level 1. HP: 20/20 MP: 1/1
     0 | D        | Found a shimmering blue altar of Sif Muna.
     0 | D        | Found a bloodstained altar of Trog.
     0 | D        | Found a sacrificial altar of Ru.
     0 | D        | Found a stormy altar of Qazlal.
     0 | D        | Found an iron altar of Okawaru.
     1 | D        | Found a sparkling altar of Nemelex Xobeh.
     1 | D        | Found a blossoming altar of Fedhas.
     2 | D        | Found the +6 Majin-Bo {vamp, *Drain Str+12 Int+24}
     2 | D        | Found the +7 great mace "Firestarter" {inner flame, rF++}
     3 | D        | Found a transporter.
     3 | D        | Found an ancient bone altar of Kikubaaqudgha.
     3 | D        | Found a viscous altar of Jiyva.
     3 | D        | Found a corrupted altar of Lugonu.
     3 | D        | Found a hazy altar of Hepliaklqana.
     3 | D        | Found a burning altar of Makhleb.
     3 | D        | Found an opulent altar of Gozag.
    24 | D        | Found the +9 heavy crossbow "Sniper" {velocity, Acc+∞ SInv}
    24 | D        | Found the +10 dark maul {crush}
    24 | D        | Found the +15 Maxwell's patent armour {-Cast -Tele rElec
                  | MR+ rCorr}
    24 | D        | Found the +18 shield of the Gong {rElec rN+ MR+ EV-5}
    24 | D        | Found the cursed +14 obsidian axe {chop, +Fly SInv *Curse}
    26 | D        | Found the +6 shillelagh "Devastator" {shatter}
    26 | D        | Found the +11 plutonium sword {*Contam Stlth-}
    26 | D        | Found the +8 lance "Wyrmbane" {slay drac, rPois rF+ rC+
                  | AC+3}
    26 | D        | Found the +9 sword of Zonguldrok {reap}
    26 | D        | Found the cursed +13 scythe of Curses {drain, *Curse}
    26 | D        | Found the +0 sword of Power
    26 | D        | Found the +7 mace of Variability {chain chaos}
    26 | D        | Found the +7 Singing Sword {slice}
    26 | D        | Found the +7 longbow "Piercer" {penet, EV-2}
    58 | D        | Reached skill level 5 in Fighting
    58 | D        | Reached XP level 2. HP: 30/30 MP: 2/2
    84 | D        | Became a worshipper of Beogh the Brigand
   101 | D        | Entered arena 2.
   101 | D        | Noticed a wolf
   101 | D        | Noticed a spriggan
   101 | D        | Found a transporter.
   103 | D        | Killed a wolf
   103 | D        | Reached skill level 5 in Armour
   103 | D        | Reached skill level 5 in Shields
   103 | D        | Reached XP level 3. HP: 38/38 MP: 2/5
   103 | D        | Reached XP level 4. HP: 45/45 MP: 2/6
   105 | D        | Killed a spriggan
   105 | D        | Reached skill level 5 in Invocations
   105 | D        | Reached XP level 5. HP: 52/52 MP: 2/8
   105 | D        | Reached XP level 6. HP: 60/60 MP: 2/9
   111 | D        | Entered arena 3.
   111 | D        | Noticed a polar bear
   111 | D        | Found a transporter.
   114 | D        | Reached * piety under Beogh
   118 | D        | Killed a polar bear
   118 | D        | Reached skill level 5 in Dodging
   122 | D        | Got the amulet "Araimy" {+Rage Int+3}
   124 | D        | Got the ring "Luehunus" {MR+ Int+4}
   127 | D        | Entered arena 4.
   127 | D        | Found a transporter.
   130 | D        | Reached ** piety under Beogh
   130 | D        | Reached XP level 7. HP: 69/69 MP: 5/11
   131 | D        | Reached *** piety under Beogh
   140 | D        | Entered arena 5.
   140 | D        | Noticed a slime creature
   140 | D        | Found a transporter.
   146 | D        | Killed a slime creature
   146 | D        | Reached **** piety under Beogh
   153 | D        | Got the +0 pair of gloves "Rymav" {Str+3}
   156 | D        | Got the Disquisition on the Traveller and Creation
   172 | D        | Entered arena 6.
   172 | D        | Noticed a +1 glaive of freezing
   172 | D        | Noticed a deep elf mage
   172 | D        | Noticed a deep elf archer
   172 | D        | Noticed a deep elf knight
   172 | D        | Noticed a +3 long sword of electrocution
   172 | D        | Found a transporter.
   174 | D        | Killed a +3 long sword of electrocution
   174 | D        | Reached XP level 8. HP: 79/79 MP: 11/14
   177 | D        | Killed a +1 glaive of freezing
   177 | D        | Reached skill level 10 in Fighting
   179 | D        | Killed a deep elf knight
   179 | D        | Reached XP level 9. HP: 79/86 MP: 12/16
   180 | D        | Killed a deep elf mage
   180 | D        | Reached skill level 10 in Armour
   180 | D        | Reached skill level 10 in Invocations
   180 | D        | Reached skill level 5 in Evocations
   182 | D        | Killed a deep elf archer
   182 | D        | Reached ***** piety under Beogh
   182 | D        | Reached skill level 10 in Shields
   188 | D        | Entered arena 7.
   188 | D        | Noticed a merfolk
   188 | D        | Noticed a merfolk
   189 | D        | Found a transporter.
   195 | D        | Killed a merfolk
   197 | D        | Reached XP level 10. HP: 71/96 MP: 15/18
   202 | D        | Got the Guide on Envenoming and Malediction
   207 | D        | Entered arena 8.
   208 | D        | Found a transporter.
   212 | D        | Reached ****** piety under Beogh
   222 | D        | Got the Compendium of Glacial Flames
   276 | D        | Entered arena 9.
   276 | D        | Noticed a wolf spider
   277 | D        | Found a transporter.
   284 | D        | Killed a wolf spider
   289 | D        | Got the ring of Lilacs {rF++ Str+3}
   293 | D        | Entered arena 10.
   294 | D        | Found the +7 sceptre of Torment {pain, torment}
   294 | D        | Identified the +7 shortbow "Uvias" {flame, rPois rF+ Str-3
                  | Int+4}
   294 | D        | Found a transporter.
   469 | D        | Got the Tome of the Arsonist
   489 | D        | Entered arena 11.
   489 | D        | Noticed a draconian
   489 | D        | Noticed a black draconian
   489 | D        | Noticed a draconian
   489 | D        | Noticed a draconian
   489 | D        | Noticed a black draconian
   489 | D        | Noticed a draconian
   489 | D        | Noticed a draconian
   489 | D        | Noticed a draconian
   489 | D        | Noticed a draconian
   490 | D        | Found a transporter.
   493 | D        | Killed a draconian
   493 | D        | Reached XP level 11. HP: 105/105 MP: 20/20
   499 | D        | Killed a draconian
   501 | D        | Killed a draconian
   502 | D        | Killed a draconian
   502 | D        | Killed a draconian
   503 | D        | Killed a draconian
   506 | D        | Killed a draconian
   507 | D        | Killed a black draconian
   510 | D        | Killed a black draconian
   632 | D        | Entered arena 12.
   632 | D        | Noticed a wolf spider
   632 | D        | Noticed a shining eye
   632 | D        | Noticed a purple ugly thing
   632 | D        | Noticed a cyclops
   633 | D        | Found the +5 robe of Night {Dark MR+ SInv}
   633 | D        | Noticed a brown very ugly thing
   633 | D        | Noticed a swamp dragon
   633 | D        | a swamp dragon changed into a guardian serpent
   633 | D        | a cyclops changed into an elephant
   634 | D        | Found a transporter.
   634 | D        | Noticed a wolf spider
   635 | D        | Noticed a great orb of eyes
   635 | D        | a wolf spider changed into a great orb of eyes
   635 | D        | a shining eye changed into a redback
   636 | D        | Noticed a shining eye
   636 | D        | a dream sheep changed into a shining eye
   636 | D        | Noticed a deep troll
   636 | D        | a wolf spider changed into a deep troll
   638 | D        | Killed a deep troll
   638 | D        | Noticed a lindwurm
   638 | D        | a shining eye changed into a lindwurm
   638 | D        | Noticed a shock serpent
   638 | D        | an elephant changed into a shock serpent
   640 | D        | Killed a brown ugly thing
   640 | D        | Noticed a faun
   640 | D        | a lindwurm changed into a faun
   644 | D        | Noticed an ettin
   644 | D        | a great orb of eyes changed into an ettin
   644 | D        | Noticed a glowing orange brain
   644 | D        | a shock serpent changed into a glowing orange brain
   644 | D        | Killed a glowing orange brain
   646 | D        | Noticed a sea snake
   646 | D        | a faun changed into a sea snake
   646 | D        | Noticed an emperor scorpion
   646 | D        | an ettin changed into an emperor scorpion
   648 | D        | Killed a brown very ugly thing
   648 | D        | Reached skill level 10 in Dodging
   649 | D        | a sea snake changed into a merfolk
   651 | D        | Reached XP level 12. HP: 65/117 MP: 22/22
   652 | D        | Killed an emperor scorpion
   652 | D        | Reached skill level 10 in Evocations
   823 | D        | Got the amulet "Nuozxauts" {Inacc rPois}
   833 | D        | Entered arena 13.
   833 | D        | Noticed a lich
   834 | D        | Noticed a vampire mage
   847 | D        | Killed a vampire mage
   847 | D        | Killed from afar by a lich

Skill      XL: |  1  2  3  4  5  6  7  8  9 10 11 12 |
---------------+-------------------------------------+-----
Fighting       | 5 6 7 8 9 10 11 12 14 | 14.5
Armour         | 4 5 6 7 8 9 10 11 13 | 13.4
Dodging        | 2 3 4 5 6 7 8 10 | 10.4
Shields        | 4 5 6 7 8 9 10 11 12 13 | 13.3
Invocations    | 3 5 6 8 9 10 12 14 | 14.5
Evocations     | 2 4 6 7 9 10 | 10.3
Short Blades   | | 14.5
Long Blades    | | 14.5
Axes           | | 14.5
Maces & Flails | | 14.5
Polearms       | | 14.5
Staves         | | 14.5
Unarmed Combat | | 14.5

Action                   |  1- 3 |  4- 6 |  7- 9 | 10-12 || total
-------------------------+-------+-------+-------+-------++-------
Melee: Broad axe         |     2 |     9 |    19 |    77 ||   107
  Use: Potion            |     1 |       |       |       ||     1
 Stab: Distracted        |       |     1 |     1 |     3 ||     5
Armor: Plate armour      |       |     5 |    13 |    35 ||    53
Dodge: Dodged            |       |     2 |     1 |    21 ||    24
Block: Shield            |     3 |    12 |    34 |   152 ||   201
